 Dungeon Crawl Stone Soup version 0.31-a0-174-g85c54bcb58 (webtiles) character file.

Game seed: 10770435781082968274

335 qw the Shooter (level 6, 0/38 HPs)
             Began as a Gargoyle Hunter on June 15, 2023.
             Slain by a sleepcap (1 damage)
             ... on level 3 of the Dungeon.
             The game lasted 00:01:00 (1937 turns).

qw the Shooter (Gargoyle Hunter)                    Turns: 1937, Time: 00:01:01

Health: 0/38       AC:  7    Str: 15    XL:     6   Next: 53%
Magic:  6/6        EV: 11    Int:  9    God:
Gold:   60         SH:  0    Dex: 15    Spells: 5/5 levels left

rFire   . . .        Y - +0 shortbow
rCold   . . .        (shield currently unavailable)
rNeg    + . .        c - +0 leather armour
rPois   inf          (no helmet)
rElec   +            (no cloak)
rCorr   .            (no gloves)
SInv    .            (no boots)
Will    .....        (no amulet)
Stlth   ++           (no ring)
HPRegen 0.26/turn    (no ring)
MPRegen 0.10/turn

%: no passive effects
@: no status effects
A: sickness immunity, AC +4, negative energy resistance 1, electricity
resistance, torment resistance 1, petrification resistance
a: no special abilities


You were on level 3 of the Dungeon.
You visited 1 branch of the dungeon, and saw 3 of its levels.

You collected 112 gold pieces.
You spent 52 gold pieces at shops.


Innate Abilities, Weirdness & Mutations

You are immune to sickness and miasma.
Your stone body is resilient. (AC +4)
You are immune to poison.
You resist negative energy. (rN+)
You are resistant to electric shocks. (rElec)
You are resistant to unholy torment.
You are immune to petrification.


   Skills:
 + Level 3.9 Fighting
 - Level 7.0 Ranged Weapons
 - Level 1.5 Dodging
 - Level 1.1 Stealth


You had 5 spell levels left.
You didn't know any spells.
Your spell library was empty.

Inventory:

Hand Weapons
 Y - a +0 shortbow (weapon)
Armour
 c - a +0 leather armour (worn)
 d - a +0 ring mail
 e - a +1 helmet
Scrolls
 f - a scroll of enchant armour
 g - a scroll of identify
Potions
 a - a potion of cancellation {unknown}
 b - a potion of might {unknown}
 j - a potion of curing

Dungeon Overview and Level Annotations

Branches:
Dungeon (3/15)

Altars:

Shops:
D:1 =?

Annotations:
D:3 1 runed translucent door, Crazy Yiuf


Message History

The sleepcap is moderately damaged.
The frilled lizard barely misses you. The sleepcap closely misses you.
The frilled lizard misses you. The sleepcap releases spores at you.
You shoot an arrow.
The arrow hits the sleepcap but does no damage.
The sleepcap is moderately damaged.
The frilled lizard barely misses you. The sleepcap releases spores at you.
You shoot an arrow.
The arrow hits the sleepcap but does no damage.
The sleepcap is moderately damaged.
The frilled lizard barely misses you. The sleepcap barely misses you.
You shoot an arrow.
The arrow hits the sleepcap but does no damage.
The sleepcap is moderately damaged.
The frilled lizard barely misses you. The sleepcap misses you.
You shoot an arrow.
The arrow hits the sleepcap but does no damage.
The sleepcap is moderately damaged.
The frilled lizard misses you. The sleepcap closely misses you.
You shoot an arrow. The arrow hits the sleepcap!
The sleepcap is heavily damaged.
The frilled lizard bites you but does no damage.
The sleepcap releases spores at you but does no damage.
You shoot an arrow.
The arrow hits the sleepcap but does no damage.
The sleepcap is heavily damaged.
The frilled lizard completely misses you.
The sleepcap releases spores at you!
You shoot an arrow.
The arrow hits the sleepcap but does no damage.
The sleepcap is heavily damaged.
The frilled lizard bites you but does no damage.
The sleepcap barely misses you.
You shoot an arrow.
The arrow completely misses the sleepcap.
The frilled lizard barely misses you. The sleepcap releases spores at you.
You shoot an arrow. The arrow hits the sleepcap!
The sleepcap is severely damaged.
The frilled lizard closely misses you. The sleepcap releases spores at you.
You die...

#.# #. #.#
##.######.###
#...#.......#
##...#####.#.########
#.....# #.#.%......#
#...J. #....#####.#
#'fl# ###..#####.#
####..@#######)........
#...............#####.#
#.######.#.####.# #.#.#
#.# #.#.# #.# ..#.# #.#
###.# #.# #.# #.. #.#
###


You could see a sleepcap, an endoplasm and a frilled lizard.

Vanquished Creatures
  Grinder (D:3)
  A sleepcap (D:3)
  Robin (D:3)
  2 adders
  2 worms
  3 dart slugs
  6 endoplasms
  3 giant cockroaches
  13 goblins
  7 hobgoblins
  A jackal (D:3)
  9 kobolds
  A quokka (D:2)
  11 ball pythons
  5 bats
  2 frilled lizards (D:1)
  5 rats
73 creatures vanquished.

Notes
Turn   | Place    | Note
-------+----------+-------------------------------------------
     0 | D:1      | qw the Gargoyle Hunter began the quest for the Orb.
     0 | D:1      | Reached XP level 1. HP: 12/12 MP: 1/1
     0 | D:1      | 0 ||| qw: Version: 0.2-a-29-g511e9b1
     0 | D:1      | 0 ||| qw: Game counter: 5592
     0 | D:1      | 0 ||| qw: Always use a shield: true
     0 | D:1      | 0 ||| qw: God list: Okawaru
     0 | D:1      | 0 ||| qw: Allow faded altars: false
     0 | D:1      | 0 ||| qw: Do Orc after D:15 true
     0 | D:1      | 0 ||| qw: Do second Lair branch before Depths: true
     0 | D:1      | 0 ||| qw: Lair rune preference: random
     0 | D:1      | 0 ||| qw: Plans: Normal, Zot:1-4, Slime:5, God:TSO, Crypt,
                  | Tomb, Abyss, Pan, Hells, Win
     0 | D:1      | 0 ||| PLANNING D:1-11
    62 | D:1      | Reached XP level 2. HP: 17/17 MP: 2/2
   323 | D:1      | Found Mun Leoc's Magic Scroll Boutique.
   325 | D:1      | 325 ||| SHOPLISTING scroll of enchant armour (97 gold, have
                  | 53).
   325 | D:1      | 325 ||| SHOPLISTING scroll of enchant weapon (97 gold, have
                  | 53).
   325 | D:1      | 325 ||| BUYING scroll of identify (26 gold).
   325 | D:1      | Bought a scroll of identify for 26 gold pieces
   325 | D:1      | 325 ||| BUYING scroll of identify (26 gold).
   325 | D:1      | Bought a scroll of identify for 26 gold pieces
   325 | D:1      | 325 ||| SHOPLISTING scroll of teleportation (39 gold, have
                  | 1).
   359 | D:1      | Reached XP level 3. HP: 17/21 MP: 3/3
   388 | D:1      | Reached skill level 5 in Ranged Weapons
   389 | D:1      | Found Zajot's Jewellery Shoppe.
   393 | D:1      | 393 ||| SHOPLISTING +4 ring of protection (468 gold, have
                  | 10).
   393 | D:1      | 393 ||| SHOPLISTING amulet of regeneration (390 gold, have
                  | 10).
   393 | D:1      | 393 ||| SHOPLISTING ring of Taoh {+Blink rPois rC+ Int-3
                  | Stlth-} (461 gold, have 10).
   393 | D:1      | 393 ||| SHOPLISTING ring of ice (325 gold, have 10).
   393 | D:1      | 393 ||| SHOPLISTING ring of protection from fire (325 gold,
                  | have 10).
   639 | D:1      | 639 ||| READING 2 scrolls labelled SUCWOERUIJ.
   640 | D:1      | 640 ||| READING scroll labelled DOELOOQIV.
   641 | D:1      | 641 ||| READING scroll labelled WIFAON WINAUCE.
   642 | D:1      | 642 ||| READING 3 scrolls of identify.
   642 | D:1      | 642 ||| IDENTIFYING bubbling inky potion
   643 | D:1      | 643 ||| READING 2 scrolls of identify.
   643 | D:1      | 643 ||| IDENTIFYING clear potion
   644 | D:1      | 644 ||| DROPPING scroll of blinking.
   645 | D:1      | 645 ||| DROPPING scroll of butterflies.
   646 | D:1      | 646 ||| DROPPING potion of enlightenment.
   647 | D:1      | 647 ||| DROPPING potion of ambrosia.
  1004 | D:2      | Reached skill level 3 in Fighting
  1221 | D:2      | Reached XP level 4. HP: 28/28 MP: 4/4
  1277 | D:2      | 1277 ||| READING scroll labelled XASAASYERE.
  1278 | D:2      | 1278 ||| READING scroll labelled HAOBBETUZA.
  1279 | D:2      | 1279 ||| READING scroll labelled WYOCWI WOOMEV.
  1359 | D:3      | Identified the +2 buckler of the Gloaming {rF+ Str+4 Int+2}
  1362 | D:3      | Noticed Grinder
  1375 | D:3      | Paralysed by Grinder for 4 turns
  1382 | D:3      | 1382 ||| FLEEEEING.
  1387 | D:3      | 1387 ||| FLEEEEING.
  1387 | D:3      | Paralysed by Grinder for 4 turns
  1393 | D:3      | Killed Grinder
  1394 | D:3      | Reached skill level 7 in Ranged Weapons
  1394 | D:3      | Reached XP level 5. HP: 13/32 MP: 5/5
  1394 | D:3      | Reached XP level 6. HP: 15/37 MP: 6/6
  1612 | D:3      | 1612 ||| DRINKING 2 sapphire potions.
  1741 | D:3      | Noticed Robin
  1749 | D:3      | Killed Robin
  1849 | D:3      | Found a runed translucent door.
  1850 | D:3      | Noticed Crazy Yiuf
  1934 | D:3      | HP: 4/38 [sleepcap (7)]
  1936 | D:3      | HP: 1/38 [sleepcap (4)]
  1937 | D:3      | Slain by a sleepcap

Levels and vault maps discovered:
D:1:      dpeg_arrival_refuge, layout_loops_ring, serial_shops, shop,
          nicolae_shop_trees
D:2:      layout_basic
D:3:      layout_loops_ring, solitary_fountain, corexii_shack, hellmonk_no_cap,
          uniq_ijyb, uniq_grinder, uniq_robin, uniq_crazy_yiuf_cottage

Skill      XL: |  1  2  3  4 |
---------------+-------------+-----
Ranged Weapons | 5 7 |  7.0
Fighting       | 3 |  3.9
Dodging        | |  1.5
Stealth        | |  1.1

Action                     |  1- 3 |  4- 6 || total
---------------------------+-------+-------++-------
   Fire: Shortbow          |   122 |   136 ||   258
    Use: Scroll            |     5 |     3 ||     8
         Potion            |       |     1 ||     1
 Armour: Leather armour    |    18 |    29 ||    47
  Dodge: Dodged            |    20 |    56 ||    76

Table legend:
 A = Non-vault XP
 B = Vault XP
 C = Vault XP percentage of total XP
 D = Non-vault monster count
 E = Vault monster count
 F = Vault count percentage of total count
                 A         B        C        D         E       F
            +---------+---------+-------+---------+---------+-------
      Total |     136 |     343 |  71.6 |      61 |      12 |  16.4
            +---------+---------+-------+---------+---------+-------
        D:1 |      44 |       0 |   0.0 |      27 |       0 |   0.0
        D:2 |      43 |       0 |   0.0 |      16 |       0 |   0.0
        D:3 |      49 |     343 |  87.5 |      18 |      12 |  40.0
            +---------+---------+-------+---------+---------+-------
